 Dungeon Crawl Stone Soup version 0.19.1 (webtiles) character file.

108 Darkmans the Sneak (level 4, -2/21 HPs)
             Began as a Spriggan Enchanter on Nov 30, 2016.
             Slain by a leopard gecko (3 damage)
             ... on level 3 of the Dungeon.
             The game lasted 00:15:51 (3379 turns).

Darkmans the Sneak (Spriggan Enchanter)             Turns: 3379, Time: 00:15:51

Health: -2/21      AC:  3    Str:  4    XL:     4   Next: 58%
Magic:  8/8        EV: 20    Int: 18    God:
Gold:   72         SH:  0    Dex: 17    Spells: 2 memorised, 4 levels left

rFire  . . .     SeeInvis +     a - +1 dagger
rCold  . . .     Gourm    .     b - +1 robe
rNeg   . . .     Faith    .     (shield restricted)
rPois  .         Spirit   .     (helmet restricted)
rElec  .         Reflect  .     (no cloak)
rCorr  .         Harm     +     (gloves unavailable)
MR     .....                    (boots unavailable)
Stlth  +++.......               l - amulet of harm
                                (no ring)
                                (no ring)

@: very quick
A: unfitting armour, see invisible, clever 1, herbivore 3, speed 3, low mp 1,
mutation resistance 1, slow metabolism 2
a: no special abilities


You were on level 3 of the Dungeon.
You were very hungry.

You visited 1 branch of the dungeon, and saw 3 of its levels.

You collected 72 gold pieces.

Inventory:

Hand Weapons
 a - a +1 dagger (weapon)
Armour
 b - a +1 robe (worn)
Jewellery
 l - an amulet of harm (around neck)
Scrolls
 f - a scroll of enchant armour {unknown}
 i - a scroll of fear
Potions
 e - a potion of lignification
 g - a potion of brilliance {unknown}
 h - a potion of might {unknown}
 j - a potion of heal wounds
 k - a potion of curing
Books
 c - a book of Maledictions

   Spells                             Type                      Level
   a - Corona                         Hexes                        1
   b - Ensorcelled Hibernation        Hexes/Ice                    2
   c - Confuse                        Hexes                        3
   d - Tukima's Dance                 Hexes                        3
   e - Dazzling Spray                 Conjuration/Hexes            3
Comestibles
 d - 3 bread rations


   Skills:
 - Level 2.5 Short Blades
 + Level 5.2 Dodging
 + Level 5.4 Stealth
 - Level 2.8 Spellcasting
 - Level 3.8 Hexes


You had 4 spell levels left.
You knew the following spells:

 Your Spells              Type           Power        Failure   Level  Hunger
a - Corona                Hex            ###....      3%          1    None
b - Confuse               Hex            ###.....     12%         3    ###....


Dungeon Overview and Level Annotations

Branches:
Dungeon (3/15)

Altars:
Elyvilon
Okawaru
Ru
Trog
Uskayaw
Vehumet
Xom


Innate Abilities, Weirdness & Mutations

You are very small and have problems with some larger weapons.
You are too small for most types of armour.
You have supernaturally acute eyesight. (SInv)
You are a herbivore.
You cover ground extremely quickly.
You need consume almost no food.
Your mind is acute. (Int +2)
Your magical capacity is low. (-10% MP)
You are somewhat resistant to further mutation.


Message History

You hit the orc.
The orc is heavily wounded.
The orc hits you from afar with a trident.
* * * LOW HITPOINT WARNING * * *
The orc closely misses you.
You see here 19 stones.
A leopard gecko comes into view.
You barely miss the leopard gecko. The leopard gecko bites you.
* * * LOW HITPOINT WARNING * * *
You barely miss the leopard gecko.
The leopard gecko completely misses you.
You barely miss the leopard gecko. The leopard gecko bites you.
* * * LOW HITPOINT WARNING * * *
You hit the leopard gecko.
The leopard gecko is heavily wounded.
The leopard gecko closely misses you.
You hit the leopard gecko.
The leopard gecko is severely wounded.
The leopard gecko bites you.
You die...

##.......# #.#........).#
##.......###.#########.##
##....)...o.o.o......#.#
#############.####.##.#
#.# #.##.# ###########
#.# #.##.# ..........#
#l# #.##.#
..........####.####.##.#
.....o.o..'....l@...##.#
........".####.#######.##
..........# #..........#
......รท...# ############
.....(....# ..........#
..........# ..........#
###########


You could see a leopard gecko.

Vanquished Creatures
  An orc wizard (D:3)
  3 adders
  2 oozes (D:2)
  2 dart slugs
  A leopard gecko (D:3)
  An orc (D:3)
  2 ball pythons
  3 giant cockroaches
  3 hobgoblins
  7 kobolds
  5 bats
  4 frilled lizards
  4 goblins
  5 rats
43 creatures vanquished.

Notes
Turn   | Place    | Note
-------+----------+-------------------------------------------
     0 | D:1      | Darkmans the Spriggan Enchanter began the quest for the Orb.
     0 | D:1      | Reached XP level 1. HP: 9/9 MP: 5/5
   147 | D:1      | Reached XP level 2. HP: 8/13 MP: 6/6
  1028 | D:2      | Reached XP level 3. HP: 16/16 MP: 8/8
  1260 | D:1      | Learned a level 3 spell: Confuse
  1528 | D:2      | Found a shimmering altar of Xom.
  1531 | D:2      | Found a bloodstained altar of Trog.
  1546 | D:2      | Found an iron altar of Okawaru.
  1748 | D:2      | Gained mutation: Your mind is acute. (Int +2) [potion of beneficial mutation]
  2110 | D:2      | Gained mutation: You are somewhat resistant to further mutation. [potion of mutation]
  2415 | D:3      | Found a sacrificial altar of Ru.
  2415 | D:3      | Found a hide-covered altar of Uskayaw.
  2415 | D:3      | Found a radiant altar of Vehumet.
  2480 | D:3      | Gained mutation: Your magical capacity is low. (-10% MP) [potion of mutation]
  2494 | D:3      | Reached XP level 4. HP: 17/21 MP: 8/8
  2520 | D:3      | Found a white marble altar of Elyvilon.
  3230 | D:3      | Reached skill level 5 in Stealth
  3293 | D:3      | Reached skill level 5 in Dodging
  3377 | D:3      | HP: 1/21 [leopard gecko (4)]
  3379 | D:3      | Slain by a leopard gecko

Skill      XL: |  1  2  3  4 |
---------------+-------------+-----
Dodging        | 4 5 |  5.2
Short Blades   | 2 |  2.5
Stealth        | 5 |  5.4
Spellcasting   | |  2.8
Hexes          | |  3.8

Action                   |  1- 3 |  4- 6 || total
-------------------------+-------+-------++-------
Melee: Dagger            |   179 |    73 ||   252
Throw: Tomahawk          |       |     2 ||     2
 Cast: Corona            |     3 |       ||     3
       Confuse           |     4 |     3 ||     7
  Use: Scroll            |     9 |     2 ||    11
       Potion            |     4 |       ||     4
 Stab: Sleeping          |    11 |       ||    11
       Confused          |     1 |       ||     1
Armor: Robe              |    16 |     8 ||    24
Dodge: Dodged            |   169 |    83 ||   252
